 Dungeon Crawl Stone Soup version 0.25-a0-544-gee0576305d (webtiles) character file.

Game seed: 11339360986229107428, levelgen mode: deterministic

2454 Grimalkyne the Conjurer (level 9, -3/68 HPs)
             Began as a Gnoll Wanderer on Feb 20, 2020.
             Slain by an orc warrior
             ... wielding a +0 trident
              (17 damage)
             ... on level 7 of the Dungeon.
             The game lasted 00:32:23 (9046 turns).

Grimalkyne the Conjurer (Gnoll Wanderer)            Turns: 9046, Time: 00:32:23

Health: -3/68      AC: 11    Str: 19    XL:     9   Next: 50%
Magic:  10/16      EV: 14    Int: 17    God:
Gold:   302        SH:  0    Dex: 15    Spells: 11/18 levels left

rFire    . . .     SeeInvis .   J - +0 war axe
rCold    . . .     Gourm    .   (no shield)
rNeg     . . .     Faith    .   L - +1 leather armour {rPois}
rPois    +         Spirit   .   (no helmet)
rElec    +         Reflect  .   i - +0 cloak
rCorr    .         Harm     .   (no gloves)
MR       .....                  I - +0 pair of boots
Stlth    ++++......             q - amulet of regeneration
HPRegen  0.61/turn              E - ring "Bemuopena" {*Slow rElec Str+2 Int+2 Stlth+}
MPRegen  0.15/turn              k - +4 ring of protection

@: very slightly contaminated
A: distributed training, fangs 1, strong nose
a: no special abilities


You were on level 7 of the Dungeon.
You were not hungry.

You visited 1 branch of the dungeon, and saw 7 of its levels.
You also visited: Sewer.

You collected 302 gold pieces.

Inventory:

Hand Weapons
 a - a +0 morningstar
 b - a +0 hunting sling
 u - a +0 short sword
 H - a +1 dagger of draining
 J - a +0 war axe (weapon)
Missiles
 l - 185 stones
 K - 4 boomerangs (quivered)
Armour
 i - a +0 cloak (worn)
 B - a +0 kite shield
 I - a +0 pair of boots (worn)
 L - a +1 leather armour of poison resistance (worn)
Jewellery
 k - a +4 ring of protection (right hand)
 q - an amulet of regeneration (around neck)
 v - an uncursed ring of fire
 C - a +4 amulet of reflection {unknown}
 E - the ring "Bemuopena" (left hand) {*Slow rElec Str+2 Int+2 Stlth+}
   (You found it on level 4 of the Dungeon)

   [ring of intelligence]

   It affects your strength (+2).
   It affects your intelligence (+2).
   It insulates you from electricity.
   It may slow you when you take damage.
   It makes you more stealthy.
Scrolls
 c - 7 scrolls of teleportation
 d - a scroll of random uselessness {unknown}
 e - 5 scrolls of remove curse
 g - a scroll of amnesia {unknown}
 h - 8 scrolls of identify
 m - 6 scrolls of enchant armour
 n - 3 scrolls of enchant weapon {unknown}
 p - 3 scrolls of fear
 r - 2 scrolls of blinking {unknown}
 t - 2 scrolls of fog {unknown}
 x - 2 scrolls of magic mapping {unknown}
 y - a scroll of torment {unknown}
 D - 3 scrolls of immolation {unknown}
Potions
 j - a potion of degeneration {unknown}
 o - 3 potions of curing {unknown}
 s - a potion of resistance {unknown}
 w - a potion of stabbing {unknown}
 z - 3 potions of brilliance {unknown}
 A - 2 potions of haste {unknown}
 F - a potion of lignification
 M - a potion of berserk rage {unknown}
Comestibles
 f - 10 rations
 G - 2 chunks of flesh


   Skills:
 + Level 5.0 Fighting
 + Level 4.2 Short Blades
 + Level 4.2 Long Blades
 + Level 4.2 Axes
 + Level 4.2 Maces & Flails
 + Level 4.2 Polearms
 + Level 4.2 Staves
 + Level 4.2 Slings
 + Level 4.2 Bows
 + Level 4.2 Crossbows
 + Level 4.2 Throwing
 + Level 6.3 Armour
 + Level 4.2 Dodging
 + Level 4.9 Stealth
 + Level 4.2 Shields
 + Level 4.2 Unarmed Combat
 + Level 5.1 Spellcasting
 + Level 6.5 Conjurations
 + Level 3.4 Hexes
 + Level 3.4 Charms
 + Level 3.4 Summonings
 + Level 3.4 Necromancy
 + Level 3.4 Translocations
 + Level 4.1 Transmutations
 + Level 3.4 Fire Magic
 + Level 3.4 Ice Magic
 + Level 3.4 Air Magic
 + Level 3.4 Earth Magic
 + Level 3.4 Poison Magic
 + Level 4.6 Invocations
 + Level 5.0 Evocations


You had 11 spell levels left.
You knew the following spells:

 Your Spells              Type           Power        Failure   Level  Hunger
a - Magic Dart            Conj           ####         1%          1    None
b - Searing Ray           Conj           ####..       1%          2    #......
c - Fulminant Prism       Conj/Hex       ###.......   21%         4    ####...

Your spell library contained the following spells:

 Spells                   Type           Power        Failure   Level  Hunger
 Freeze                   Ice            ###.         3%          1    None
 Dazzling Flash           Conj/Hex       ###...       6%          3    ###....
 Ozocubu's Armour         Chrm/Ice       ###.....     12%         3    ###....
 Iskenderun's Mystic Bla  Conj/Tloc      ###.....     21%         4    ####...


Dungeon Overview and Level Annotations

Branches:
Dungeon (7/15)              Sewer (visited)
 Temple: D:4-7

Altars:
Dithmenos
Fedhas
Gozag
Nemelex Xobeh
Sif Muna
Vehumet
Wu Jian
Yredelemnul
The Shining One

Shops:
D:6 *%(

Annotations:
D:4 3 runed translucent doors, ichi404's ghost, amateur SpAs
D:5 2 transporters


Innate Abilities, Weirdness & Mutations

Your experience applies equally to all skills.
You have very sharp teeth.
Your uncanny sense of smell can sniff out nearby items.


Message History

The orc wizard shouts!
You hit the orc warrior.
You bite the orc warrior, but do no damage.
The orc warrior is heavily wounded.
The orc wizard casts a cantrip, but nothing happens.
The orc warrior hits you with a +0 trident!
You hit the orc warrior but do no damage.
The orc warrior is heavily wounded.
The orc warrior hits you but does no damage.
You barely miss the orc warrior. Your bite misses the orc warrior.
The orc warrior is heavily wounded.
The orc warrior hits you with a +0 trident!
You hit the orc warrior but do no damage.
The orc warrior is heavily wounded.
The orc warrior hits you with a +0 trident!
The orc warrior hits you from afar with a +0 trident!!
* * * LOW HITPOINT WARNING * * *
There is a stone staircase leading up, spattered with blood here.
The orc warrior hits you from afar with a +0 trident!
You die...

## #.#####
#..@†# #..o.#
#..o.# #....##
#.....#
#....#.#####..##
#........o...)..
############.###


You could see an orc warrior and an orc wizard.

Vanquished Creatures
  Pikel (D:6)
  Menkaure (D:6)
  A slave (D:6)
  An ogre (D:6)
  An ice beast (D:5)
  A centaur (D:6)
  8 big kobolds (Sewer)
  2 bullfrogs (D:6)
  A howler monkey (D:5)
  A crimson imp (D:5)
  2 hounds
  2 jellies
  A gnoll shaman (D:6)
  3 orc priests
  2 orc wizards
  An iguana (D:6)
  Jessica (D:2)
  3 worker ants
  7 gnolls (D:6)
  14 adders
  4 river rats (D:5)
  A shadow imp (D:6)
  6 oozes
  An adder skeleton (D:6)
  10 worms
  4 dart slugs
  4 leopard geckos
  14 orcs
  5 giant cockroaches
  10 goblins
  11 hobgoblins
  15 jackals
  19 kobolds
  A quokka (D:5)
  4 ball pythons
  7 bats
  7 frilled lizards
  2 jackal skeletons
  A quokka skeleton (D:4)
  8 rats
  2 plants (D:3)
190 creatures vanquished.

Vanquished Creatures (others)
  A worm (D:6)
  7 fulminant prisms
8 creatures vanquished.

Grand Total: 198 creatures vanquished

Notes
Turn   | Place    | Note
-------+----------+-------------------------------------------
     0 | D:1      | Grimalkyne the Gnoll Wanderer began the quest for the Orb.
     0 | D:1      | Grimalkyne set off with the following items: a +0 club, a
                  | scroll of teleportation, a +0 robe, a ration; and the
                  | following spells available to memorise: Magic Dart, Searing
                  | Ray, Freeze, Dazzling Flash, Ozocubu's Armour, Fulminant
                  | Prism, Iskenderun's Mystic Blast
     0 | D:1      | Reached XP level 1. HP: 17/17 MP: 4/4
     2 | D:1      | Learned a level 1 spell: Magic Dart
   131 | D:1      | You fall into a shaft and drop 1 floor!
   145 | D:2      | Reached XP level 2. HP: 15/23 MP: 5/5
   553 | D:1      | Reached XP level 3. HP: 27/28 MP: 7/7
  1106 | D:2      | Reached skill level 1 in Invocations
  1503 | D:2      | Noticed Jessica
  1536 | D:2      | Reached skill level 1 in Short Blades
  1536 | D:2      | Reached skill level 1 in Long Blades
  1536 | D:2      | Reached skill level 1 in Axes
  1536 | D:2      | Reached skill level 1 in Maces & Flails
  1536 | D:2      | Reached skill level 1 in Polearms
  1536 | D:2      | Reached skill level 1 in Staves
  1536 | D:2      | Reached skill level 1 in Slings
  1536 | D:2      | Reached skill level 1 in Bows
  1536 | D:2      | Reached skill level 1 in Crossbows
  1536 | D:2      | Reached skill level 1 in Throwing
  1536 | D:2      | Reached skill level 1 in Dodging
  1536 | D:2      | Reached skill level 1 in Shields
  1536 | D:2      | Reached skill level 1 in Unarmed Combat
  1536 | D:2      | Reached XP level 4. HP: 10/34 MP: 8/8
  1827 | D:2      | Killed Jessica
  2323 | D:2      | Reached skill level 1 in Hexes
  2323 | D:2      | Reached skill level 1 in Charms
  2323 | D:2      | Reached skill level 1 in Summonings
  2323 | D:2      | Reached skill level 1 in Necromancy
  2323 | D:2      | Reached skill level 1 in Translocations
  2323 | D:2      | Reached skill level 1 in Fire Magic
  2323 | D:2      | Reached skill level 1 in Ice Magic
  2323 | D:2      | Reached skill level 1 in Air Magic
  2323 | D:2      | Reached skill level 1 in Earth Magic
  2323 | D:2      | Reached skill level 1 in Poison Magic
  2764 | D:2      | Learned a level 2 spell: Searing Ray
  2840 | D:2      | Reached XP level 5. HP: 36/40 MP: 6/9
  3762 | D:3      | Learned a level 4 spell: Fulminant Prism
  3808 | D:3      | Found an ornate altar of the Wu Jian Council.
  4145 | D:3      | Reached XP level 6. HP: 47/47 MP: 3/10
  4617 | D:4      | Found a runed translucent gate.
  4618 | D:4      | Found a runed translucent gate.
  4624 | D:4      | Found a runed translucent gate.
  4934 | D:4      | Reached skill level 5 in Armour
  5108 | D:4      | Got a faintly glowing ivory ring
  5240 | D:4      | Noticed an ice beast
  5240 | D:4      | Noticed ichi404's ghost (amateur SpAs)
  5240 | D:4      | Noticed an ice beast
  5637 | D:5      | Entered Level 5 of the Dungeon
  5730 | D:5      | Found a transporter.
  5734 | D:5      | Found a transporter.
  5734 | D:5      | Noticed an ice beast
  5744 | D:5      | Found a blossoming altar of Fedhas.
  5744 | D:5      | Found an opulent altar of Gozag.
  5811 | D:5      | Found a sparkling altar of Nemelex Xobeh.
  5837 | D:5      | Found a glowing drain.
  5855 | D:5      | Reached XP level 7. HP: 40/52 MP: 2/12
  5927 | Sewer    | Entered a sewer
  6664 | Sewer    | Reached XP level 8. HP: 60/60 MP: 3/14
  7204 | D:5      | Identified the ring "Bemuopena" {*Slow rElec Str+2 Int+2
                  | Stlth+} (You found it on level 4 of the Dungeon)
  7644 | D:5      | Found a radiant altar of Vehumet.
  7751 | D:5      | Found a shadowy altar of Dithmenos.
  7844 | D:6      | Found Mirais's Weapon Emporium.
  7904 | D:6      | Found Saobees's Food Shoppe.
  8079 | D:6      | Found a glowing golden altar of the Shining One.
  8199 | D:6      | Noticed Pikel
  8217 | D:6      | Killed Pikel
  8217 | D:6      | Reached skill level 5 in Spellcasting
  8217 | D:6      | Reached XP level 9. HP: 59/67 MP: 4/16
  8450 | D:6      | Noticed Menkaure
  8488 | D:6      | Killed Menkaure
  8488 | D:6      | Reached skill level 5 in Fighting
  8488 | D:6      | Reached skill level 5 in Evocations
  8562 | D:6      | Found Qyepn's General Store.
  8582 | D:6      | Found a basalt altar of Yredelemnul.
  8582 | D:6      | Found a shimmering blue altar of Sif Muna.
  9046 | D:7      | Slain by an orc warrior

Levels and vault maps discovered:
D:1:      dpeg_arrival_ternary, layout_loops_ring, nrook_uturn
D:2:      layout_rooms, minmay_split_cup_large, uniq_jessica
D:3:      layout_basic, overflow_temple_1_default, first_ration,
          lexackson_kobold_supper
D:4:      layout_loops_ring, gammafunk_ghost_icy
D:5:      layout_rooms, vehumet_crystals, gammafunk_temple_overflow_arena,
          lemuel_coloured_pillars_altar, nemelex_altar_shiori,
          portal_sewer_entry_a
D:6:      layout_loops_ring, gammafunk_temple_overflow_statue,
          nicolae_overflow_hidden_temple, serial_shops, shop, shop, shop,
          uniq_pikel, uniq_menkaure
D:7:      layout_basic, minmay_temple_entry_junction, st_stairs_6,
          grunt_livestock

Skill      XL: |  1  2  3  4  5  6  7  8  9 |
---------------+----------------------------+-----
Transmutations | 2 3 4 |  4.1
Invocations    | 1 2 3 4 |  4.6
Short Blades   | 1 2 4 |  4.2
Long Blades    | 1 2 4 |  4.2
Axes           | 1 2 4 |  4.2
Maces & Flails | 1 2 4 |  4.2
Polearms       | 1 2 4 |  4.2
Staves         | 1 2 4 |  4.2
Slings         | 1 2 4 |  4.2
Bows           | 1 2 4 |  4.2
Crossbows      | 1 2 4 |  4.2
Throwing       | 1 2 4 |  4.2
Dodging        | 1 2 4 |  4.2
Shields        | 1 2 4 |  4.2
Unarmed Combat | 1 2 4 |  4.2
Spellcasting   | 3 4 5 |  5.1
Hexes          | 1 2 3 |  3.4
Charms         | 1 2 3 |  3.4
Summonings     | 1 2 3 |  3.4
Necromancy     | 1 2 3 |  3.4
Translocations | 1 2 3 |  3.4
Fire Magic     | 1 2 3 |  3.4
Ice Magic      | 1 2 3 |  3.4
Air Magic      | 1 2 3 |  3.4
Earth Magic    | 1 2 3 |  3.4
Poison Magic   | 1 2 3 |  3.4
Fighting       | 3 4 5 |  5.0
Evocations     | 3 4 5 |  5.0
Stealth        | 3 4 |  4.9
Armour         | 5 6 |  6.3
Conjurations   | 6 |  6.5

Action                   |  1- 3 |  4- 6 |  7- 9 || total
-------------------------+-------+-------+-------++-------
Melee: Short sword       |    83 |    68 |    56 ||   207
       Bite              |     8 |    17 |    26 ||    51
       Quarterstaff      |       |    17 |       ||    17
       Morningstar       |       |    59 |    41 ||   100
       Punch             |       |     1 |     2 ||     3
       War axe           |       |       |    66 ||    66
       Dagger            |       |       |    43 ||    43
 Fire: Hunting sling     |    55 |    14 |    15 ||    84
 Cast: Magic Dart        |     2 |   117 |   120 ||   239
       Searing Ray       |       |    12 |    15 ||    27
       Fulminant Prism   |       |       |     7 ||     7
  Use: Potion            |       |     2 |       ||     2
       Scroll            |       |     4 |     1 ||     5
 Stab: Sleeping          |     1 |     2 |     5 ||     8
  Eat: Chunk             |     1 |    15 |    13 ||    29
Armor: Robe              |    27 |    18 |       ||    45
       Leather armour    |       |    13 |    36 ||    49
       Scale mail        |       |     5 |    41 ||    46
Dodge: Dodged            |    55 |   142 |   132 ||   329

Table legend:
 A = Non-vault XP
 B = Vault XP
 C = Vault XP percentage of total XP
 D = Non-vault monster count
 E = Vault monster count
 F = Vault count percentage of total count
                 A         B        C        D         E       F
            +---------+---------+-------+---------+---------+-------
      Total |    1684 |    1823 |  52.0 |     138 |      49 |  26.2
            +---------+---------+-------+---------+---------+-------
        D:1 |      46 |      13 |  22.0 |      25 |       1 |   3.8
        D:2 |     119 |      40 |  25.2 |      37 |       4 |   9.8
        D:3 |     152 |      13 |   7.9 |      20 |       8 |  28.6
        D:4 |     190 |       0 |   0.0 |      18 |       0 |   0.0
        D:5 |     379 |      61 |  13.9 |      12 |       6 |  33.3
        D:6 |     750 |     833 |  52.6 |      23 |       2 |   8.0
        D:7 |      48 |       0 |   0.0 |       3 |       0 |   0.0
      Sewer |       0 |     863 | 100.0 |       0 |      28 | 100.0
            +---------+---------+-------+---------+---------+-------
